 Dungeon Crawl Stone Soup version 0.26-a0-660-gc07710193c (webtiles) character file.

Game seed: 14418625963712156735

48 Decritt the Gusty (level 3, 0/19 HPs)
             Began as a Tengu Air Elementalist on Oct 6, 2020.
             Slain by a kobold
             ... wielding a +0 whip
              (2 damage)
             ... on level 1 of the Dungeon.
             The game lasted 00:06:28 (1556 turns).

Decritt the Gusty (Tengu Air Elementalist)          Turns: 1556, Time: 00:06:29

Health: 0/19       AC:  3    Str:  8    XL:     3   Next: 72%
Magic:  7/7        EV: 12    Int: 16    God:
Gold:   62         SH:  0    Dex: 14    Spells: 5/6 levels left

rFire    . . .     SeeInvis .   b - +0 whip
rCold    . . .     Faith    .   (no shield)
rNeg     . . .     Spirit   .   a - +0 robe
rPois    .         Reflect  .   (helmet restricted)
rElec    .         Harm     .   i - +0 cloak
rCorr    .         Rampage  .   (no gloves)
MR       .....                  (boots unavailable)
Stlth    ++........             j - amulet of inaccuracy (curse)
HPRegen  0.06/turn              (no ring)
MPRegen  0.10/turn              (no ring)

@: no status effects
A: beak, talons 3
a: no special abilities


You were on level 1 of the Dungeon.
You visited 1 branch of the dungeon, and saw 2 of its levels.

You collected 62 gold pieces.

Inventory:

Hand Weapons
 b - a +0 whip (weapon)
Missiles
 c - 11 boomerangs
 l - 9 poisoned darts (quivered)
Armour
 a - a +0 robe (worn)
 i - a +0 cloak (worn)
Jewellery
 j - a cursed amulet of inaccuracy (around neck)
Scrolls
 f - a scroll of remove curse {unknown}
 g - 2 scrolls of blinking {unknown}
 k - a scroll of noise {unknown}
Potions
 d - a potion of heal wounds {unknown}
 e - 2 potions of magic {unknown}
 h - a potion of degeneration {unknown}


   Skills:
 - Level 2.1 Dodging
 - Level 2.0 Stealth
 + Level 2.3 Spellcasting
 * Level 3.1 Conjurations
 * Level 4.9 Air Magic


You had 5 spell levels left.
You knew the following spells:

 Your Spells              Type           Power        Failure   Level
a - Shock                 Conj/Air       ##..         3%          1

Your spell library contained the following spells:

 Spells                   Type           Power        Failure   Level
 Swiftness                Air            ###.....     4%          2
 Static Discharge         Conj/Air       ##......     12%         3
 Airstrike                Air            ###.......   26%         4
 Lightning Bolt           Conj/Air       ##........   71%         5


Dungeon Overview and Level Annotations

Branches:
Dungeon (2/15)

Altars:
The Shining One


Innate Abilities, Weirdness & Mutations

You have a beak for a mouth.
You have claws for feet.


Message History

Aiming: Shock (safe; 3% risk of failure)
Press: ? - help, Shift-Dir - straight line That beam is likely to hit you.
Continue anyway? [Y]es or [N]o only, please.
That beam is likely to hit you.
Continue anyway? [Y]es or [N]o only, please.
That beam is likely to hit you.
Continue anyway?
Okay, then.
The kobold completely misses you. The kobold hits you with a +0 whip.
* * * LOW HITPOINT WARNING * * *
You are too injured to fight recklessly!
There is a stone staircase leading up here.
You see here a stone.
The kobold hits you with a +0 whip.
* * * LOW HITPOINT WARNING * * *
You climb upwards.
There is a stone staircase leading down here.
The kobold hits you with a +0 whip.
You die...

#.#.# ##............## #.#.#
#.#.# ##..≈≈≈≈≈≈≈≈≈≈..## #.#.#
#.#.#####..≈≈≈≈≈≈≈≈≈≈≈≈..####.#..
...[......≈≈≈≈≈≈≈≈≈≈≈≈≈≈.......>#
.........≈≈≈8≈≈≈≈≈≈≈≈8≈≈≈.#......
#.#......≈≈≈≈≈≈≈≈≈≈≈≈≈≈≈≈.#......
#.#......≈≈≈≈...≈≈≈≈≈≈≈≈≈.#......
#.#.....#.≈≈.≈≈≈.≈≈≈≈≈≈≈≈.#.#.#.#
#.#.....#≈..≈≈≈≈@<≈≈≈≈≈≈≈.#.#.#.#
#........≈≈≈≈≈≈≈>K≈≈≈≈..≈...#.#.#
#........≈≈≈≈≈≈≈≈)≈≈≈.≈≈.#..#.#.#
#........≈≈≈≈≈≈≈≈≈...≈≈≈≈...#.#.#
.........≈≈≈≈≈≈≈≈≈≈≈≈≈≈≈≈...#.#.#
.........≈≈≈8≈≈≈≈≈≈≈≈8≈≈≈.#.#.#..
.........#≈≈≈≈≈≈≈≈≈≈≈≈≈≈..#.#.###
.........##≈≈≈≈≈≈≈≈≈≈≈≈..##.#.##.
#'#####+####≈≈≈≈≈≈≈≈≈≈#.###.#.##.


You could see a kobold.

Vanquished Creatures
  2 adders (D:2)
  A worm (D:2)
  A dart slug (D:1)
  A leopard gecko (D:1)
  A bat (D:1)
  A giant cockroach (D:1)
  4 goblins
  4 hobgoblins (D:1)
  3 kobolds
  A quokka (D:1)
  2 ball pythons
  2 rats
23 creatures vanquished.

Notes
Turn   | Place    | Note
-------+----------+-------------------------------------------
     0 | D:1      | Decritt the Tengu Air Elementalist began the quest for the
                  | Orb.
     0 | D:1      | Reached XP level 1. HP: 10/10 MP: 4/4
   201 | D:1      | Reached XP level 2. HP: 15/15 MP: 4/6
   394 | D:1      | Found a glowing golden altar of the Shining One.
  1046 | D:2      | Reached XP level 3. HP: 19/19 MP: 4/7
  1556 | D:1      | Slain by a kobold

Illustrated notes

Levels and vault maps discovered:
D:1:      nzn_arrival_water_spiral, layout_basic, hex_large,
          minmay_parallelograms, tso_altar
D:2:      layout_rooms

Skill      XL: |  1  2  3 |
---------------+----------+-----
Conjurations   | 2 3 |  3.1
Dodging        | |  2.1
Stealth        | |  2.0
Spellcasting   | |  2.3
Air Magic      | |  4.9

Action                   || total
-------------------------++-------
Melee: Whip              ||    26
       Kick              ||     2
       Peck              ||     1
Throw: Boomerang         ||     9
 Cast: Shock             ||    53
Armor: Robe              ||     8
Dodge: Dodged            ||    32

Table legend: (Time is in decaauts)
 A = Elapsed time spent in this place.
 B = Non-inter-level travel time spent in this place.
 C = Inter-level travel time spent in this place.
 D = Time resting spent in this place.
 E = Time spent auto-exploring this place.
 F = Levels seen in this place.
 G = Mean time per level.
                   A        B        C        D        E       F      G
               +--------+--------+--------+--------+--------+-----+--------+
         Total |   1564 |   1556 |      8 |    157 |   1165 |   2 |  782.0 |
       Dungeon |   1564 |   1556 |      8 |    157 |   1165 |   2 |  782.0 |
               +--------+--------+--------+--------+--------+-----+--------+

Top non-repeatable levels by time:
     D:1: 1213 daAuts
     D:2: 351 daAuts
